 Dungeon Crawl Stone Soup version 0.28-a0-429-g1448048969 (webtiles) character file.

Game seed: 121134234736771362

110 Conn the Sneak (level 4, -1/27 HPs)
             Began as an Octopode Fire Elementalist on Sept 10, 2021.
             Slain by Grinder (6 damage)
             ... on level 3 of the Dungeon.
             The game lasted 00:06:12 (3196 turns).

Conn the Sneak (Octopode Fire Elementalist)         Turns: 3196, Time: 00:06:12

Health: -1/27      AC:  1    Str:  7    XL:     4   Next: 91%
Magic:  2/7        EV: 13    Int: 18    God:
Gold:   148        SH:  0    Dex: 12    Spells: 0/7 levels left

rFire   . . .      SeeInvis .   i - +1 dagger (venom)
rCold   . . .      Faith    .   (no shield)
rNeg    . . .      Spirit   .   (helmet restricted)
rPois   .          Reflect  .   (no amulet)
rElec   .          Harm     .   h - ring of resist corrosion
rCorr   +          Rampage  .   (no ring)
Will    .....                   (no ring)
Stlth   +++.......              (no ring)
HPRegen 0.09/turn               (no ring)
MPRegen 0.10/turn               (no ring)
                                (no ring)
                                (no ring)

@: about to teleport
A: almost no armour, amphibious, 8 rings, camouflage 1, gelatinous body 1,
(nimble swimmer 1), tentacles
a: no special abilities


You were on level 3 of the Dungeon.
You visited 1 branch of the dungeon, and saw 4 of its levels.

You collected 148 gold pieces.

Inventory:

Hand Weapons
 c - a +0 dagger
 e - a +1 dagger of speed
 i - a +1 dagger of venom (weapon)
Missiles
 f - 14 poisoned darts
Jewellery
 h - a ring of resist corrosion (left tentacle)
Scrolls
 a - a scroll of identify
 b - a scroll of teleportation
 d - a scroll of fear {unknown}
 j - a scroll of immolation {unknown}


   Skills:
 + Level 0.2 Fighting
 + Level 1.0 Short Blades
 + Level 2.2 Dodging
 + Level 4.2 Stealth
 + Level 2.4 Spellcasting
 + Level 2.1 Conjurations
 + Level 3.6 Fire Magic


You couldn't memorise any spells.
You knew the following spells:

 Your Spells              Type           Power      Damage    Failure   Level
a - Foxfire               Conj/Fire      48%        2x1d6     5%          1
b - Conjure Flame         Conj/Fire      12%        6-21      16%         3
c - Inner Flame           Hex/Fire       8%         N/A       24%         3

Your spell library contained the following spells:

 Spells                   Type           Power      Damage    Failure   Level
 Scorch                   Fire           30%        2d6       6%          2
 Flame Wave               Conj/Fire      12%        3d4       47%         4


Dungeon Overview and Level Annotations

Branches:
Dungeon (4/15)
 Temple: D:4-7

Altars:

Annotations:
D:3 Grinder, Sigmund
D:4 Dowan, Duvessa


Innate Abilities, Weirdness & Mutations

You cannot wear most types of armour.
You are amphibious.
You can wear up to eight rings at the same time.
Your skin changes colour to match your surroundings (Stealth+).
Your rubbery body absorbs attacks. (AC +1, EV +1)
((You are camouflaged near water. (Stealth+)))
You have tentacles for arms and can constrict up to eight enemies at once.


Message History

Confirm with . or Enter, or press ? or * to list all spells.
You conjure some foxfire!
Casting: Foxfire (safe; 5% risk of failure)
Confirm with . or Enter, or press ? or * to list all spells.
You conjure some foxfire!
Unknown command.
Your foxfire dissipates! x2
Casting: Foxfire (safe; 5% risk of failure)
Confirm with . or Enter, or press ? or * to list all spells.
You conjure some foxfire!
The foxfire hits Grinder.
Grinder is lightly wounded.
Unknown command.
Casting: Foxfire (safe; 5% risk of failure)
Confirm with . or Enter, or press ? or * to list all spells.
You conjure some foxfire!
Your foxfire dissipates!
The foxfire hits Grinder but does no damage.
Grinder is lightly wounded.
The foxfire hits Grinder.
Grinder is lightly wounded.
Casting: Foxfire (safe; 5% risk of failure)
Confirm with . or Enter, or press ? or * to list all spells.
You conjure some foxfire!
The foxfire hits Grinder but does no damage.
Grinder is lightly wounded.
Unknown command.
Casting: Foxfire (safe; 5% risk of failure)
Confirm with . or Enter, or press ? or * to list all spells.
You conjure some foxfire!
Grinder hits you.
You writhe in agony.
Unknown command.
Your foxfire dissipates!
The foxfire hits Grinder.
Grinder is moderately wounded.
You aren't carrying any potions.
You aren't carrying any potions.
As you read the scroll of teleportation, it crumbles to dust.
You feel strangely unstable. Grinder hits you.
* * * LOW HITPOINT WARNING * * *
You writhe in agony.
You die...

#.# ##### #.#
....# #.# .##.#
#.#######
.##.######.......#
...........# #.#
.. ....######.#
#.###.... ....#
##..# #5.......
....####...#
#@###.... ##
.......##..#####.#
. #.
#.####.###.......#
#. ..# #.#
#.####### # ..##
#.# #.# ...#
#.###+## .#.#
#.##...## #. .#.#
#.#.....## #.
.#.###........##
#.


You could see Grinder.

Vanquished Creatures
  A hound skeleton (D:2)
  Robin (D:3)
  2 adders
  2 dart slugs
  A worm (D:2)
  2 orcs (D:4)
  6 endoplasms
  3 giant cockroaches
  9 goblins
  8 hobgoblins
  3 jackals (D:2)
  2 quokkas
  6 ball pythons
  2 frilled lizards
  5 kobolds
  3 rats (D:1)
56 creatures vanquished.

Vanquished Creatures (others)
  133 foxfires
133 creatures vanquished.

Grand Total: 189 creatures vanquished

Notes
Turn   | Place    | Note
-------+----------+-------------------------------------------
     0 | D:1      | Conn the Octopode Fire Elementalist began the quest for the
                  | Orb.
     0 | D:1      | Reached XP level 1. HP: 11/11 MP: 3/3
   432 | D:1      | Reached XP level 2. HP: 17/17 MP: 0/5
   800 | D:1      | Reached skill level 3 in Stealth
  1105 | D:1      | Reached XP level 3. HP: 21/21 MP: 1/6
  1942 | D:2      | Reached XP level 4. HP: 27/27 MP: 1/7
  2158 | D:2      | Found a faded altar of an unknown god.
  2471 | D:2      | Learned a level 3 spell: Conjure Flame
  2475 | D:2      | Learned a level 3 spell: Inner Flame
  2541 | D:3      | Noticed Robin
  2556 | D:3      | Killed Robin
  2557 | D:3      | Reached skill level 4 in Stealth
  2993 | D:3      | Noticed Sigmund
  3054 | D:4      | Noticed a phantom
  3059 | D:4      | Reached skill level 1 in Short Blades
  3074 | D:4      | Noticed Dowan
  3078 | D:4      | Noticed Duvessa
  3173 | D:3      | Noticed Grinder
  3196 | D:3      | Slain by Grinder

Illustrated notes

Levels and vault maps discovered:
D:1:      sevenhm_arrival_forest_fort_large_2, layout_basic
D:2:      layout_loops_ring, dreamdust_ecumenical_altar_angels_and_demons
D:3:      layout_loops_corners, uniq_sigmund, uniq_robin, uniq_grinder
D:4:      layout_cave_pods, lemuel_doored_altar, portal_sewer_entry_b,
          kennysheep_generic_room_6, uniq_eustachio, uniq_duvessa

Skill      XL: |  1  2  3  4 |
---------------+-------------+-----
Stealth        | 3 4 |  4.2
Conjurations   | 2 |  2.1
Short Blades   | 1 |  1.0
Fighting       | |  0.2
Dodging        | |  2.2
Spellcasting   | |  2.4
Fire Magic     | |  3.6

Action                   |  1- 3 |  4- 6 || total
-------------------------+-------+-------++-------
Melee: Unarmed           |     1 |       ||     1
       Dagger            |    32 |    19 ||    51
       Constrict         |     7 |     4 ||    11
       Tentacles         |     4 |     3 ||     7
 Cast: Foxfire           |    47 |    35 ||    82
       Inner Flame       |       |     1 ||     1
  Use: Scroll            |       |     3 ||     3
       Potion            |       |     2 ||     2
 Stab: Sleeping          |     6 |     3 ||     9
Armor: Skin              |     4 |     2 ||     6
Dodge: Dodged            |    14 |    12 ||    26

Table legend: (Time is in decaauts)
 A = Elapsed time spent in this place.
 B = Non-inter-level travel time spent in this place.
 C = Inter-level travel time spent in this place.
 D = Time resting spent in this place.
 E = Time spent auto-exploring this place.
 F = Levels seen in this place.
 G = Mean time per level.
                   A        B        C        D        E       F      G
               +--------+--------+--------+--------+--------+-----+--------+
         Total |   3181 |   3115 |     66 |      0 |   2505 |   4 |  795.2 |
       Dungeon |   3181 |   3115 |     66 |      0 |   2505 |   4 |  795.2 |
               +--------+--------+--------+--------+--------+-----+--------+

Top non-repeatable levels by time:
     D:1: 1351 daAuts
     D:2: 1142 daAuts
     D:3: 650 daAuts
     D:4: 36 daAuts
